 Dungeon Crawl Stone Soup version 0.31-a0-198-g2ad674f65e (webtiles) character file.

Game seed: 7791600764626478161

651 qw the Skirmisher (level 7, -2/36 (40) HPs)
             Began as a Deep Elf Hunter on June 25, 2023.
             Slain by a wight
             ... wielding a +3 halberd
              (8 damage)
             ... on level 4 of the Dungeon.
             The game lasted 00:01:31 (3466 turns).

qw the Skirmisher (Deep Elf Hunter)                 Turns: 3466, Time: 00:01:31

HP:   -2/36 (40)    AC:  7    Str: 10    XL:     7   Next: 28%
MP:   9/9           EV: 11    Int: 14    God:
Gold: 420           SH:  0    Dex: 18    Spells: 6/6 levels left

rFire   . . .        Y - +2 shortbow (chaos)
rCold   . . .        (shield currently unavailable)
rNeg    . . .        f - +0 ring mail
rPois   .            (no helmet)
rElec   .            a - +0 cloak
rCorr   .            e - +0 pair of gloves
SInv    .            (no boots)
Will    .....        (no amulet)
Stlth   +            (no ring)
HPRegen 0.26/turn    (no ring)
MPRegen 0.11/turn

%: no passive effects
@: about to teleport, heavily drained
A: no striking features
a: no special abilities


You were on level 4 of the Dungeon.
You visited 1 branch of the dungeon, and saw 4 of its levels.
You also visited: Ossuary.

You collected 420 gold pieces.


   Skills:
 - Level 2.0 Fighting
 + Level 10.8 Ranged Weapons
 - Level 1.0 Armour
 - Level 3.6 Dodging
 - Level 1.2 Stealth


You had 6 spell levels left.
You didn't know any spells.
Your spell library was empty.

Inventory:

Hand Weapons
 Y - a +2 shortbow of chaos (weapon)
Armour
 a - a +0 cloak (worn)
 e - a +0 pair of gloves (worn)
 f - a +0 ring mail (worn)
Jewellery
 h - a ring of fire
Scrolls
 k - a scroll of identify
Potions
 b - a potion of heal wounds
 c - 2 potions of haste
 d - 2 potions of cancellation
 g - 2 potions of enlightenment {unknown}
 i - a potion of might {unknown}
 j - 4 potions of curing
 m - a potion of mutation {unknown}
 r - a potion of magic {unknown}

Dungeon Overview and Level Annotations

Branches:
Dungeon (4/15)            Ossuary (visited)
 Temple: D:4-7

Altars:
Gozag
Kikubaaqudgha
Sif Muna

Shops:
D:4 (


Message History

You shoot an arrow. The arrow barely misses the wight.
Enter note:
Enter note:
Enter note:
Enter note:
Enter note:
Enter note:
Enter note:
Enter note:
Enter note:
Enter note:
Enter note:
Enter note: You shoot an arrow.
The arrow hits the wight.
The wight is lightly damaged.
You shoot an arrow. The arrow hits the wight.
The wight is moderately damaged.
You shoot an arrow. The arrow closely misses the wight.
The arrow hits the wight but does no damage.
You shoot an arrow. The arrow barely misses the wight.
The arrow hits the wight.
The wight is moderately damaged.
The wight hits you with a +3 hand axe.
You feel drained.
You shoot an arrow. The arrow barely misses the wight.
The arrow closely misses the wight.
The wight misses you.
You shoot an arrow. The arrow closely misses the wight.
The arrow hits the wight but does no damage.
The wight is lightly damaged.
The wight hits you from afar with a +3 halberd!
You shoot an arrow. The arrow hits the wight.
The wight is heavily damaged.
The wight barely misses you. The wight closely misses you.
You shoot an arrow. The arrow closely misses the wight.
The wight hits you from afar with a +3 halberd!
You feel drained. The wight hits you with a +3 hand axe.
You feel drained.
3466 ||| READING scroll of teleportation.
As you read the scroll of teleportation, it crumbles to dust.
You feel strangely unstable.
The wight hits you from afar with a +3 halberd!
You die...

#########.........#
##
##.................+
#..#######.........#
#.###############..#
#.#¤~~~¤~¤~~~~~~#..#
#.#~¤..........~#
#.#~¤..¤¤).....¤#
#.#~¤.~~~¤~~~.¤¤#
#.#¤.¤¤~###~~@z¤#
#.#~..~## ##~..~#
#.'...~# #¤z.~#
###~..~# #¤..¤#
#~..¤~# ¤~..¤#
#~..~~~¤~¤¤.¤¤#
#~.....¤....[~#
#¤...¤¤......~#
#~~~~~~~~


You could see 2 wights.

Vanquished Creatures
  2 ogres (D:4)
  2 wights (D:4)
  A jelly (D:4)
  Terence (D:2)
  A sleepcap (D:4)
  8 mummies (Ossuary)
  7 gnolls
  4 adders
  A worm (D:3)
  4 dart slugs
  4 orcs
  8 ball pythons
  8 endoplasms
  3 giant cockroaches
  4 goblins
  3 hobgoblins
  3 jackals (D:2)
  5 kobolds
  5 quokkas
  5 bats
  4 frilled lizards
  3 hobgoblin zombies (Ossuary)
  3 kobold zombies (Ossuary)
  2 orc zombies (Ossuary)
  4 rats
95 creatures vanquished.

Notes
Turn   | Place    | Note
-------+----------+-------------------------------------------
     0 | D:1      | qw the Deep Elf Hunter began the quest for the Orb.
     0 | D:1      | Reached XP level 1. HP: 12/12 MP: 3/3
     0 | D:1      | 0 ||| qw: Version: 0.3-a-22-g0ed2b0b
     0 | D:1      | 0 ||| qw: Game counter: 5457
     0 | D:1      | 0 ||| qw: Melee chars always use a shield: true
     0 | D:1      | 0 ||| qw: God list: Okawaru
     0 | D:1      | 0 ||| qw: Allow faded altars: false
     0 | D:1      | 0 ||| qw: Do Orc after clearing Dungeon:15 true
     0 | D:1      | 0 ||| qw: Do second Lair branch before Depths: true
     0 | D:1      | 0 ||| qw: Lair rune preference: random
     0 | D:1      | 0 ||| qw: Goals: Normal
     0 | D:1      | 0 ||| PLANNING D:1-11
   186 | D:1      | Reached skill level 6 in Ranged Weapons
   186 | D:1      | Reached XP level 2. HP: 16/16 MP: 4/4
   243 | D:1      | Found a faded altar of an unknown god.
  1012 | D:1      | 1012 ||| UPGRADING to +0 pair of gloves.
  1017 | D:1      | 1017 ||| UPGRADING to +0 ring mail.
  1027 | D:1      | 1027 ||| DROPPING +0 leather armour.
  1028 | D:1      | 1028 ||| READING scroll labelled CINETA UBAE.
  1029 | D:1      | 1029 ||| READING scroll labelled GUATHR CUSICELY.
  1030 | D:1      | 1030 ||| DRINKING 2 golden potions.
  1070 | D:1      | 1070 ||| DROPPING scroll of butterflies.
  1071 | D:1      | 1071 ||| DROPPING potion of lignification.
  1144 | D:2      | Reached XP level 3. HP: 11/20 MP: 5/5
  1215 | D:2      | Identified the +2 robe of Vanity {Int+3}
  1260 | D:2      | Identified the +8 long sword of Bile {spect, rN+ rCorr
                  | Str+2}
  1306 | D:2      | Reached skill level 7 in Ranged Weapons
  1482 | D:2      | Noticed Terence
  1489 | D:2      | Killed Terence
  1490 | D:2      | Reached XP level 4. HP: 25/25 MP: 6/6
  1544 | D:2      | 1544 ||| DROPPING +2 robe of Vanity {Int+3}.
  1545 | D:2      | 1545 ||| DROPPING amulet of magic regeneration.
  1546 | D:2      | 1546 ||| DRINKING 3 pink potions.
  1565 | D:3      | 1565 ||| STAIRDANCE
  1586 | D:3      | 1586 ||| STAIRDANCE
  1638 | D:3      | 1638 ||| STAIRDANCE
  1810 | D:3      | Reached skill level 8 in Ranged Weapons
  2016 | D:3      | HP: 4/25 [gnoll/+0 spear (5)]
  2018 | D:3      | Reached XP level 5. HP: 5/29 MP: 7/7
  2079 | D:3      | 2079 ||| FLEEEEING.
  2102 | D:3      | 2102 ||| FLEEEEING.
  2283 | D:3      | 2283 ||| UPGRADING to +0 cloak.
  2288 | D:3      | 2288 ||| READING scroll labelled OTTOEC YNUKOWK.
  2289 | D:3      | 2289 ||| DRINKING 2 sapphire potions.
  2324 | D:4      | 2324 ||| PLANNING OSSUARY
  2355 | D:4      | Found a shimmering blue altar of Sif Muna.
  2409 | D:4      | Reached skill level 9 in Ranged Weapons
  2418 | D:4      | HP: 6/29 [sleepcap (18)]
  2516 | D:4      | Found a sand-covered staircase.
  2517 | D:4      | 2517 ||| READING scroll labelled LASHYE JOIXKYARHU.
  2526 | Ossuary  | Entered an ossuary
  2557 | Ossuary  | Reached skill level 1 in Armour
  2641 | Ossuary  | Reached XP level 6. HP: 35/35 MP: 8/8
  2852 | Ossuary  | 2852 ||| READING scroll labelled BIEMERCH ZUGOEC.
  2853 | Ossuary  | 2853 ||| READING scroll labelled VUELYN OGUCIUD.
  2854 | Ossuary  | 2854 ||| READING scroll labelled TIZOSY ALIU.
  2855 | Ossuary  | 2855 ||| READING 2 scrolls labelled MOVES UNAR.
  2859 | Ossuary  | 2859 ||| READING scroll labelled ZYDWES YREEL.
  2860 | Ossuary  | 2860 ||| DRINKING 2 white potions.
  2861 | Ossuary  | 2861 ||| DRINKING 2 fuming brown potions.
  2862 | Ossuary  | 2862 ||| READING 2 scrolls of identify.
  2862 | Ossuary  | 2862 ||| IDENTIFYING coppery potion
  2863 | Ossuary  | 2863 ||| DROPPING potion of attraction.
  2879 | D:4      | 2879 ||| PLANNING D:1-11
  2922 | D:4      | Found the +6 shillelagh "Devastator" {shatter}
  2928 | D:4      | Reached skill level 10 in Ranged Weapons
  2934 | D:4      | Reached skill level 3 in Dodging
  3053 | D:4      | 3053 ||| Stepping ~*~*~tactically~*~*~ (outnumbered).
  3055 | D:4      | 3055 ||| Stepping ~*~*~tactically~*~*~ (outnumbered).
  3061 | D:4      | Reached XP level 7. HP: 39/40 MP: 9/9
  3138 | D:4      | 3138 ||| READING scroll of enchant weapon.
  3138 | D:4      | 3138 ||| ENCHANTING +1 shortbow of chaos.
  3173 | D:4      | Found Deuhecof's Antique Weapon Shop.
  3203 | D:4      | Found an opulent altar of Gozag.
  3330 | D:4      | Found an ancient bone altar of Kikubaaqudgha.
  3465 | D:4      | HP: 7/37 [wight/+3 halberd (3)]
  3466 | D:4      | 3466 ||| READING scroll of teleportation.
  3466 | D:4      | Slain by a wight

Levels and vault maps discovered:
D:1:      wheals_arrival_linesprint, layout_loops_corners,
          chequers_ecumenical_altar_simple
D:2:      layout_rooms, uniq_terence
D:3:      layout_rooms, st_stairs_7, kennysheep_generic_room_8
D:4:      layout_basic, kennysheep_mini, mainiacjoe_overflow_surrounded_room,
          mainiacjoe_overflow_alcove_2, serial_shops, shop_fountains,
          nicolae_ossuary_entry_ruins, kennysheep_path_1,
          dilly_guarded_unrand_devastator

Skill      XL: |  1  2  3  4  5  6 |
---------------+-------------------+-----
Ranged Weapons | 6 7 8 9 10 | 10.8
Fighting       | 2 |  2.0
Armour         | 1 |  1.0
Dodging        | 3 |  3.6
Stealth        | |  1.2

Action                     |  1- 3 |  4- 6 |  7- 9 || total
---------------------------+-------+-------+-------++-------
   Fire: Shortbow          |    86 |   206 |    43 ||   335
    Use: Scroll            |     2 |     8 |     2 ||    12
         Potion            |     1 |     4 |       ||     5
 Armour: Leather armour    |     3 |       |       ||     3
         Ring mail         |     5 |    69 |     4 ||    78
  Dodge: Dodged            |    15 |    97 |    12 ||   124

Table legend:
 A = Non-vault XP
 B = Vault XP
 C = Vault XP percentage of total XP
 D = Non-vault monster count
 E = Vault monster count
 F = Vault count percentage of total count
                 A         B        C        D         E       F
            +---------+---------+-------+---------+---------+-------
      Total |     491 |     440 |  47.3 |      73 |      22 |  23.2
            +---------+---------+-------+---------+---------+-------
        D:1 |      38 |       0 |   0.0 |      21 |       0 |   0.0
        D:2 |      64 |      36 |  36.0 |      22 |       1 |   4.3
        D:3 |      75 |      18 |  19.4 |      13 |       3 |  18.8
        D:4 |     314 |     231 |  42.4 |      17 |       2 |  10.5
    Ossuary |       0 |     155 | 100.0 |       0 |      16 | 100.0
            +---------+---------+-------+---------+---------+-------
